 Dungeon Crawl Stone Soup version 0.26-a0-712-ga5a9c9c9d0 (webtiles) character file.

Game seed: 15042470701273551904

189310 raph the Devastator (level 18, -6/110 HPs)
             Began as a Tengu Conjurer on Nov 11, 2020.
             Was the Champion of Ashenzari.
             Mangled by a bone dragon (13 damage)
             ... on level 2 of the Abyss on Nov 12, 2020.
             The game lasted 03:16:31 (51655 turns).

raph the Devastator (Tengu Conjurer)               Turns: 51655, Time: 03:16:31

Health: -6/110     AC: 14    Str:  9      XL:     18   Next: 57%
Magic:  25/29      EV: 23    Int: 31 (32) God:    Ashenzari [******]
Gold:   2196       SH: 13    Dex: 14      Spells: 2/43 levels left

rFire    + . .     SeeInvis +   a - +10 whip "Oxones" {pain, Int+2 SInv} (curse)
rCold    + + +     Faith    .   Q - +3 buckler (curse)
rNeg     . . .     Spirit   .   K - +2 robe {Archmagi} (curse)
rPois    +         Reflect  +   u - +2 hat (curse)
rElec    .         Harm     .   R - +0 cloak of Midwinter {Rampage Int+8} (curse)
rCorr    .         Rampage  +   k - +2 pair of gloves (curse)
MR       +....     Clarity  +   (boots unavailable)
Stlth    +++.......             H - amulet of reflection (curse)
HPRegen  0.28/turn              G - ring "Ixewatz" {+Fly rPois rF+ rC+++ Int-2} (curse)
MPRegen  0.21/turn              h - +4 ring of protection (curse)

@: very slow
A: beak, talons 3, [blurry vision 2], [low mp 2], able to fly
a: Fly, Curse Item, Scrying, Transfer Knowledge, Renounce Religion, Evoke Flight


You were on level 2 of the Abyss.
You worshipped Ashenzari.
Ashenzari was exalted by your worship.
You visited 6 branches of the dungeon, and saw 31 of its levels.
You visited the Abyss 1 time.
You also visited: Ice Cave and Volcano.

You collected 3662 gold pieces.
You spent 1466 gold pieces at shops.

Inventory:

Hand Weapons
 a - the cursed +10 whip "Oxones" (weapon) {pain, Int+2 SInv}
   (You found it on level 4 of the Dungeon)

   In the hands of one skilled in necromantic magic, it inflicts extra damage on
   living creatures.
   It affects your intelligence (+2).
   It lets you see invisible.
   It has a curse placed upon it.
Missiles
 c - 23 javelins (quivered)
 f - 92 poisoned darts
Armour
 k - a cursed +2 pair of gloves (worn)
 u - a cursed +2 hat (worn)
 y - the cursed +1 robe of Ytic Sui {rF+ Str+3}
   (You found it on level 1 of the Swamp)

   It affects your strength (+3).
   It protects you from fire.
   It has a curse placed upon it.
 C - a scarf of resistance
 K - a cursed +2 robe of the Archmagi (worn)
 Q - a cursed +3 buckler (worn)
 R - the cursed +0 cloak of Midwinter (worn) {Rampage Int+8}
   (You acquired it on level 6 of the Lair of Beasts)

   It affects your intelligence (+8).
   It bestows one free step when moving towards enemies.
   It has a curse placed upon it.
Jewellery
 e - a +4 ring of slaying
 h - a cursed +4 ring of protection (right hand)
 v - an uncursed ring of ice
 G - the cursed ring "Ixewatz" (left hand) {+Fly rPois rF+ rC+++ Int-2}
   (You found it on level 2 of the Lair of Beasts)

   [ring of flight]

   It affects your intelligence (-2).
   It protects you from fire.
   It renders you almost immune to cold.
   It protects you from poison.
   It lets you fly.
   It has a curse placed upon it.
 H - a cursed amulet of reflection (around neck)
 J - an uncursed ring of protection from fire
Wands
 o - a wand of iceblast (23)
 p - a wand of flame (44)
 w - a wand of disintegration (7)
 A - a wand of paralysis (24)
 D - a wand of polymorph (18)
 I - a wand of acid (23)
 Z - a wand of digging (19)
Scrolls
 g - 7 scrolls of teleportation
 j - 2 scrolls of holy word
 t - 4 scrolls of magic mapping
 E - 3 scrolls of amnesia
 F - 6 scrolls of blinking
 L - 4 scrolls of fog
 N - a scroll of enchant weapon
 O - 2 scrolls of summoning
 U - a scroll of silence
 V - 23 scrolls of identify
 W - 2 scrolls of enchant armour
 X - 5 scrolls of remove curse
Potions
 i - 12 potions of curing
 l - 4 potions of mutation
 m - 2 potions of haste
 n - 7 potions of brilliance
 q - 6 potions of might
 r - a potion of ambrosia
 s - 6 potions of stabbing
 z - 2 potions of invisibility
 P - 2 potions of berserk rage
 S - a potion of cancellation
 T - 2 potions of resistance
Miscellaneous
 d - a condenser vane (2/2)
 x - a box of beasts (3/3)
 B - a phial of floods


   Skills:
 * Level 11.3 Fighting
 + Level 10.2(14.5) Maces & Flails
 + Level 11.8(16.0) Dodging
 - Level 9.9(14.2) Stealth
 - Level 2.0(4.2) Shields
 + Level 13.1 Spellcasting
 * Level 17.3(21.1) Conjurations
 - Level 6.0(10.5) Hexes
 - Level 10.1(14.3) Summonings
 + Level 12.6(16.7) Necromancy
 - Level 4.9(9.3) Translocations
 - Level 4.3(8.6) Air Magic
 - Level 1.7(4.8) Earth Magic
 - Level 4.3(8.6) Evocations


You had 2 spell levels left.
You knew the following spells:

 Your Spells              Type           Power        Failure   Level
a - Magic Dart            Conj           ####         0%          1
b - Searing Ray           Conj           ######       0%          2
c - Freezing Cloud        Conj/Ice/Air   #######...   5%          6
d - Fulminant Prism       Conj/Hex       ########..   1%          4
e - Iskenderun's Mystic   Conj/Tloc      ########     1%          4
f - Swiftness             Air            #######.     1%          2
g - Vampiric Draining     Necr           ########..   0%          3
h - Summon Lightning Spi  Summ/Air       #######.     1%          4
i - Animate Skeleton      Necr           ######       0%          1
j - Apportation           Tloc           ######       1%          1
k - Orb of Destruction    Conj           ########..   1%          7
l - Iron Shot             Conj/Erth      ########..   1%          6

Your spell library contained the following spells:

 Spells                   Type           Power        Failure   Level
 Pain                     Necr           ####         0%          1
 Summon Small Mammal      Summ           ####         0%          1
 Call Imp                 Summ           ########     0%          2
 Sublimation of Blood     Necr           ########..   0%          2
 Corona                   Hex            #######      1%          1
 Sandblast                Erth           ######       1%          1
 Corpse Rot               Necr/Air       N/A          1%          2
 Ensorcelled Hibernation  Hex/Ice        ######       1%          2
 Passwall                 Tmut/Erth      ######..     1%          2
 Dazzling Flash           Conj/Hex       ######       0%          3
 Iskenderun's Battlesphe  Conj           ########     0%          5
 Call Canine Familiar     Summ           ########     1%          3
 Confusing Touch          Hex            #######.     1%          3
 Gell's Gravitas          Tloc           #######...   1%          3
 Stone Arrow              Conj/Erth      ######       1%          3
 Summon Guardian Golem    Hex/Summ       #######.     1%          3
 Animate Dead             Necr           ########..   1%          4
 Cause Fear               Hex            #######...   1%          4
 Dispel Undead            Necr           ########     1%          4
 Passage of Golubria      Tloc           N/A          1%          4
 Summon Ice Beast         Ice/Summ       #######.     1%          4
 Agony                    Necr           ########     1%          5
 Bolt of Magma            Conj/Fire/Erth #######...   1%          5
 Excruciating Wounds      Necr           ########..   1%          5
 Fireball                 Conj/Fire      #######...   1%          5
 Irradiate                Conj/Tmut      #######...   1%          5
 Silence                  Hex/Air        #######...   1%          5
 Conjure Ball Lightning   Conj/Air       ########..   1%          6
 Spellforged Servitor     Conj/Summ      ########..   1%          7
 Invisibility             Hex            #######.     4%          6
 Frozen Ramparts          Ice            #####.       5%          3
 Yara's Violent Unravell  Hex/Tmut       ######....   6%          5
 Metabolic Englaciation   Hex/Ice        ######....   7%          5
 Petrify                  Tmut/Erth      ######..     8%          4
 Lee's Rapid Deconstruct  Erth           ######....   9%          5
 Discord                  Hex            #######...   90%         8
 Ozocubu's Refrigeration  Ice            #####.....   95%         6
 Tornado                  Air            #######...   100%        9


Dungeon Overview and Level Annotations

Branches:
Dungeon (15/15)            Temple (0/1) D:6            Lair (6/6) D:11
  Swamp (3/4) Lair:3       Spider (2/4) Lair:4        Slime (0/5) Lair:6
    Orc (2/2) D:9             Elf (3/3) Orc:2        Vaults (0/5) D:14
 Depths (0/5) D:15          IceCv (visited)         Volcano (visited)

Altars:
Ashenzari
Dithmenos
Fedhas
Makhleb
Nemelex Xobeh
Qazlal
Ru
Uskayaw
Vehumet
Wu Jian
Xom
Jiyva

Shops:
D:4 }   D:7 *   D:12 *   D:15 [   Orc:1 ?   Orc:2 ?*(?*

Annotations:
Elf:2 3 runed translucent doors


Innate Abilities, Weirdness & Mutations

You have a beak for a mouth.
You have claws for feet.
You can fly continuously.
[Scrolls take you longer to read.]
[Your magical capacity is very low. (-20% MP)]


Message History

The bone dragon bites you!!
* * * LOW HITPOINT WARNING * * *
The bone dragon claws you!
* * * LOW HITPOINT WARNING * * *
The bone dragon completely misses you.
Really read with blurry vision while enemies are nearby? [Y]es or [N]o only, please.
Really read with blurry vision while enemies are nearby? [Y]es or [N]o only, please.
Really read with blurry vision while enemies are nearby?
The iron imp disappears in a puff of smoke!
The quasit splashes around in the water.
The quasit claws you but does no damage.
The quasit splashes around in the water.
The neqoxec hits you but does no damage.
You block the shadow imp's attack.
The quasit splashes around in the water.
You block the quasit's attack. The quasit closely misses you.
The bone dragon barely misses you. The bone dragon claws you!
You die...

,*,*,* **** ≈ , , ,
* , * , ,*,
,.#≈≈≈≈≈≈≈* ,* * *
,, *,*#.≈≈≈≈≈≈ , * *
,,,* ,, ,, ,..≈≈≈≈≈
≈ * ** * * ,####
..≈≈≈#**** *,,*, * *
,,, .. .#.#.≈# , , ,
* * , ,
.....#..5≈#.# *, * *
.....#5§3# #### , ,
,*......5@≈#≈≈≈≈≈≈≈*
* ,* ,,,, ,
.####.♣D≈≈≈≈>≈≈≈≈, *
* , *, #≈≈≈≈≈≈≈≈≈≈≈
, ** * , , ,
##.##≈≈≈≈.♣.≈ , * ,*
* * ,,#.#.≈≈≈≈♣...*
****, ,,,* *,,,,##
#.≈≈≈..∩. , ,,, , ,
*, , ,*..,≈≈≈≈♣.. **
,* , ,* ,*,,
,##...≈≈≈≈.♣.≈ , ,,
** *, ,
#,≈#.≈≈≈≈≈≈≈≈,, ,


You could see a bone dragon, a neqoxec, a quasit (summoned), a crimson imp
(summoned) and a shadow imp (summoned).

Vanquished Creatures
  2 deep elf blademasters (Elf:2)
  A tentacled starspawn (Abyss:2)
  A thorn hunter (Swamp:3)
  Roxanne (Swamp:2)
  A deep elf sorcerer (Elf:2)
  Aizul (Elf:1)
  An emperor scorpion (Spider:1)
  Louise (D:15)
  2 frost giants
  3 entropy weavers (Spider:1)
  A deep elf demonologist (Elf:3)
  3 deep elf annihilators (Elf:1)
  A spark wasp (shapeshifter) (Elf:2)
  An ettin (Orc:2)
  2 deep elf death magi
  A quicksilver dragon zombie (Abyss:2)
  Josephine (Orc:2)
  2 deep elf high priests (Elf:3)
  Erolcha (D:13)
  2 boulder beetles
  3 shambling mangroves
  4 centaur warriors
  12 hydras
  Erica (D:11)
  An ogre mage (Orc:1)
  15 dancing weapons
  A ghost crab (Swamp:2)
  A death knight (D:15)
  9 two-headed ogres
  11 alligators
  A tengu warrior (D:14)
  6 death yaks
  4 orc high priests (Orc:2)
  9 deep elf knights
  3 spriggan druids
  2 unseen horrors
  A swamp dragon (Swamp:1)
  3 deep elf archers
  A lindwurm (Lair:4)
  A wizard (D:14)
  3 orc knights
  4 ugly things
  6 orb spiders (Spider:1)
  31 deep elf magi
  4 necromancers
  2 wolf spiders
  An orc sorcerer (Orc:1)
  4 cyclopes
  A worldbinder (Abyss:2)
  3 manticores
  An ice statue (IceCv)
  5 black mambas
  A centaur skeleton (D:15)
  4 gargoyles
  2 torpor snails
  20 cane toads
  A rime drake (shapeshifter) (D:15)
  4 kobold demonologists
  5 yaktaurs (D:15)
  An efreet (Volcano)
  10 komodo dragons
  4 freezing wraiths
  2 rime drakes (Lair:3)
  5 demonic crawlers (Spider:1)
  3 tengu conjurers
  8 jumping spiders (Spider:1)
  4 bog bodies
  10 trolls
  24 polar bears
  15 blink frogs
  17 hornets
  3 meliai (D:15)
  11 dream sheep
  8 slime creatures
  A ball lightning (IceCv)
  7 tyrant leeches
  A meliai zombie (D:14)
  Sigmund (D:4)
  2 large abominations (Elf:1)
  6 water elementals
  19 redbacks
  18 spriggans
  An air elemental (Elf:3)
  3 tarantellas
  2 shadows (D:15)
  2 basilisks
  3 wraiths (Orc:2)
  5 wyverns
  2 vampires
  9 vampire mosquitoes
  4 fire elementals
  74 yaks
  Eustachio (D:6)
  12 swamp worms
  3 acid dragons
  3 wargs
  17 insubstantial wisps
  2 hell hounds (Lair:4)
  16 water moccasins
  4 soldier ants
  25 orc warriors
  A hornet zombie (D:15)
  12 ice beasts
  3 swamp drakes
  4 sky beasts
  An eye of draining (D:10)
  4 black bears
  3 phantoms
  33 wolves
  10 ogres
  4 boggarts (Lair:6)
  11 centaurs
  9 big kobolds
  21 bullfrogs
  An elf zombie (Elf:1)
  4 earth elementals
  5 scorpions
  8 killer bees
  4 electric eels
  5 howler monkeys
  A wight (D:12)
  7 centaur zombies
  A quasit (D:10)
  20 orc priests
  3 hounds
  3 jellies
  30 orc wizards
  4 bullfrog skeletons
  3 iguanas
  12 worker ants
  3 polar bear simulacra (Lair:4)
  4 yak simulacra (Lair:4)
  3 wolf simulacra (Lair:4)
  9 adders
  2 shadow imps
  4 white imps
  2 ufetubi
  An ooze (D:4)
  An adder zombie (D:9)
  4 worms
  3 dart slugs
  6 leopard geckos
  83 orcs
  7 giant cockroaches
  8 goblins
  6 hobgoblins
  4 jackals (D:6)
  5 quokkas
  A ball python (D:5)
  4 bats
  7 frilled lizards
  46 kobolds
  A quokka skeleton (D:5)
  5 rats
  A river rat simulacrum (Lair:4)
1035 creatures vanquished.

Vanquished Creatures (collateral kills)
  An ironheart preserver (D:14)
  2 boulder beetles
  4 two-headed ogres (Orc:1)
  4 death yaks (Lair:5)
  An ugly thing (D:15)
  2 orb spiders
  2 orc sorcerers
  A torpor snail (Lair:5)
  A komodo dragon (Lair:5)
  A troll (Orc:1)
  2 hornets (Swamp:2)
  A jumping spider (Spider:1)
  A blink frog (Lair:4)
  A spriggan (Swamp:2)
  2 yaks
  A wyvern (Lair:5)
  A basilisk (Lair:5)
  A water moccasin (D:12)
  5 orc warriors
  An ogre (Orc:1)
  An eye of draining (D:12)
  A centaur (D:12)
  A big kobold (D:13)
  4 wights (D:12)
  7 orc priests (Orc:2)
  4 orc wizards
  5 orcs
  3 kobolds (D:12)
61 creatures vanquished.

Vanquished Creatures (others)
  32 ball lightnings
  4 bushes (D:11)
  259 fulminant prisms
  32 fungi
  96 plants
  2 starspawn tentacles (Abyss:2)
425 creatures vanquished.

Grand Total: 1521 creatures vanquished

Notes
Turn   | Place    | Note
-------+----------+-------------------------------------------
     0 | D:1      | raph the Tengu Conjurer began the quest for the Orb.
     0 | D:1      | Reached XP level 1. HP: 10/10 MP: 4/4
   276 | D:1      | Reached XP level 2. HP: 15/15 MP: 1/6
   338 | D:1      | Learned a level 2 spell: Searing Ray
   816 | D:1      | Reached XP level 3. HP: 19/19 MP: 0/7
   890 | D:1      | Learned a level 3 spell: Dazzling Flash
  1145 | D:1      | Found a broken altar of Ashenzari.
  1152 | D:1      | Became a worshipper of Ashenzari the Shackled
  1441 | D:2      | Found a sacrificial altar of Ru.
  1708 | D:2      | Reached skill level 6 in Conjurations
  1962 | D:2      | Reached XP level 4. HP: 24/24 MP: 5/8
  1965 | D:2      | Reached skill level 1 in Hexes
  2494 | D:3      | Gained mutation: You can fly continuously. [Tengu growth]
  2494 | D:3      | Reached XP level 5. HP: 28/28 MP: 0/9
  2831 | D:4      | Reached skill level 7 in Conjurations
  3221 | D:4      | Reached XP level 6. HP: 32/32 MP: 8/11
  3341 | D:4      | Found a burning altar of Makhleb.
  3349 | D:4      | Got the whip "Oxones" {pain, Int+2 SInv}
  3353 | D:4      | Identified the +10 whip "Oxones" {pain, Int+2 SInv} (You
                  | found it on level 4 of the Dungeon)
  3392 | D:4      | Found Buikeos's Gadget Boutique.
  3394 | D:4      | Noticed Sigmund
  3399 | D:4      | Killed Sigmund
  3399 | D:4      | Reached skill level 8 in Conjurations
  3399 | D:4      | Reached XP level 7. HP: 36/36 MP: 7/13
  3695 | D:4      | Learned a level 4 spell: Fulminant Prism
  3770 | D:5      | Entered Level 5 of the Dungeon
  3848 | D:5      | Found a stormy altar of Qazlal.
  4673 | D:5      | Reached skill level 9 in Conjurations
  4673 | D:5      | Reached XP level 8. HP: 41/41 MP: 10/15
  4719 | D:5      | Learned a level 4 spell: Iskenderun's Mystic Blast
  5136 | D:6      | Found an ornate altar of the Wu Jian Council.
  5138 | D:6      | Reached skill level 1 in Translocations
  5213 | D:6      | Reached * piety under Ashenzari
  5261 | D:6      | Noticed Eustachio
  5265 | D:6      | Killed Eustachio
  5463 | D:6      | Reached skill level 10 in Conjurations
  5521 | D:6      | Found a sparkling altar of Nemelex Xobeh.
  5542 | D:6      | Identified the +3 scale mail "Ezoxkys" {rC+ Str+2 Dex+5}
  5647 | D:6      | Reached XP level 9. HP: 37/45 MP: 12/16
  5676 | D:6      | Found a staircase to the Ecumenical Temple.
  5804 | D:6      | Reached skill level 5 in Hexes
  6370 | D:7      | Reached skill level 11 in Conjurations
  6513 | D:7      | Found Gass's Island Escapes.
  6619 | D:7      | Bought a scroll of teleportation for 36 gold pieces
  7434 | D:8      | Noticed a gargoyle
  7530 | D:8      | Killed a gargoyle
  7530 | D:8      | Reached skill level 1 in Fighting
  7688 | D:8      | Noticed a two-headed ogre
  7925 | D:8      | Reached XP level 10. HP: 52/52 MP: 12/17
  8299 | D:9      | Noticed a two-headed ogre
  8491 | D:9      | Found a staircase to the Orcish Mines.
  9243 | D:8      | Found a shimmering altar of Xom.
  9534 | D:8      | Learned a level 3 spell: Gell's Gravitas
  9545 | D:8      | Reached ** piety under Ashenzari
  9863 | D:10     | Entered Level 10 of the Dungeon
 10239 | D:10     | Reached skill level 12 in Conjurations
 10245 | D:10     | Reached skill level 5 in Spellcasting
 11103 | Orc:1    | Entered Level 1 of the Orcish Mines
 11103 | Orc:1    | Noticed an orc sorcerer
 11223 | D:10     | Reached skill level 1 in Maces & Flails
 11226 | D:10     | Reached skill level 5 in Dodging
 11226 | D:10     | Reached XP level 11. HP: 58/60 MP: 4/20
 11509 | D:11     | Noticed a six-headed hydra
 11533 | D:11     | Killed a six-headed hydra
 11533 | D:11     | Reached skill level 5 in Stealth
 11741 | D:11     | Found a blossoming altar of Fedhas.
 12254 | D:11     | Reached *** piety under Ashenzari
 12254 | D:11     | Noticed a manticore
 12544 | D:11     | Learned a level 2 spell: Call Imp
 12579 | D:11     | Found a staircase to the Lair.
 12587 | D:11     | Killed a manticore
 12629 | D:11     | Reached skill level 1 in Summonings
 12781 | D:11     | Found a shadowy altar of Dithmenos.
 12807 | D:11     | Noticed a red ugly thing
 12829 | D:11     | Killed a red ugly thing
 12845 | D:11     | Reached skill level 13 in Conjurations
 12971 | D:11     | Noticed an unseen horror
 12979 | D:11     | Killed an unseen horror
 13254 | D:11     | Noticed Erica
 13262 | D:11     | Killed Erica
 13262 | D:11     | Reached skill level 5 in Fighting
 13366 | D:11     | Reached XP level 12. HP: 61/68 MP: 14/22
 13656 | Lair:1   | Entered Level 1 of the Lair of Beasts
 13823 | Lair:1   | Got the cursed robe of Vehumet's Approval {-Tele rF+ rN+
                  | MR+}
 13834 | Lair:1   | Identified the cursed +1 robe of Vehumet's Approval {-Tele
                  | rF+ rN+ MR+} (You found it on level 1 of the Lair of
                  | Beasts)
 14403 | Lair:1   | Reached skill level 5 in Summonings
 14567 | Lair:1   | Reached skill level 5 in Maces & Flails
 14661 | Lair:1   | Learned a level 4 spell: Summon Lightning Spire
 15159 | Lair:2   | Noticed an eight-headed hydra
 15172 | Lair:2   | Killed an eight-headed hydra
 15172 | Lair:2   | Reached skill level 1 in Air Magic
 15324 | Lair:2   | Reached **** piety under Ashenzari
 15368 | Lair:2   | Noticed an eight-headed hydra
 15403 | Lair:2   | Killed an eight-headed hydra
 15410 | Lair:2   | Noticed a six-headed hydra
 15602 | Lair:2   | Killed a six-headed hydra
 15729 | Lair:2   | Identified the ring "Ixewatz" {+Fly rPois rF+ rC+++ Int-2}
 16670 | Lair:3   | Found a staircase to the Swamp.
 16916 | Lair:3   | Reached skill level 1 in Shields
 17257 | Lair:3   | Reached ***** piety under Ashenzari
 17490 | Lair:3   | Reached XP level 13. HP: 74/74 MP: 11/24
 18206 | Lair:4   | Found a dark tunnel.
 18226 | Volcano  | Entered a volcano
 18760 | Lair:4   | Reached skill level 14 in Conjurations
 18840 | Lair:4   | Paralysed by a hornet for 1 turns
 18974 | Lair:4   | Found a hole to the Spider Nest.
 20123 | Lair:4   | Identified the amulet "Nuhu" {Spirit +Blink Str-4 SInv
                  | Stlth+}
 21438 | Lair:5   | Reached XP level 14. HP: 71/82 MP: 4/27
 22061 | D:9      | Found a radiant altar of Vehumet.
 22988 | Orc:2    | Entered Level 2 of the Orcish Mines
 22988 | Orc:2    | Found a staircase to the Elven Halls.
 23288 | Orc:2    | Found Vaqaevon's Magic Scroll Emporium.
 23297 | Orc:2    | Bought a scroll of identify for 28 gold pieces
 23297 | Orc:2    | Bought a scroll of identify for 28 gold pieces
 23297 | Orc:2    | Bought a scroll of enchant armour for 105 gold pieces
 23696 | Orc:2    | Found Fyamnytt's General Store.
 23696 | Orc:2    | Found Pougaidy's Weapon Boutique.
 23697 | Orc:2    | Found Lec Tais's Assorted Antiques.
 24694 | Orc:2    | Found Jubiv's Magic Scroll Shop.
 24701 | Orc:2    | Bought a scroll of identify for 26 gold pieces
 24701 | Orc:2    | Bought a scroll of remove curse for 39 gold pieces
 24701 | Orc:2    | Bought a scroll of identify for 26 gold pieces
 24703 | Orc:2    | Bought 3 scrolls of identify for 78 gold pieces
 24703 | Orc:2    | Bought a scroll of identify for 26 gold pieces
 24704 | Orc:2    | Bought a scroll of remove curse for 90 gold pieces
 24704 | Orc:2    | Bought a potion of haste for 300 gold pieces
 24938 | Orc:2    | Noticed Josephine
 24947 | Orc:2    | Killed Josephine
 25286 | Orc:1    | Found Rausened's Magic Scroll Shop.
 25408 | Orc:1    | Reached skill level 15 in Conjurations
 27226 | D:12     | Found Dippoob's Assorted Antiques.
 27606 | D:13     | Found a hide-covered altar of Uskayaw.
 27841 | D:13     | Reached ****** piety under Ashenzari
 27883 | D:13     | Noticed Erolcha
 27887 | D:13     | Killed Erolcha
 27887 | D:13     | Reached XP level 15. HP: 64/89 MP: 20/29
 28043 | D:13     | Reached skill level 10 in Dodging
 28043 | D:13     | Reached skill level 10 in Summonings
 28475 | D:13     | Learned a level 1 spell: Animate Skeleton
 28626 | D:13     | Reached skill level 1 in Necromancy
 29199 | D:14     | Learned a level 1 spell: Apportation
 29445 | D:14     | Learned a level 6 spell: Conjure Ball Lightning
 29508 | D:14     | Reached skill level 5 in Necromancy
 30378 | D:14     | Found a gate to the Vaults.
 30800 | D:15     | Entered Level 15 of the Dungeon
 31022 | D:15     | Found an ornate altar of the Wu Jian Council.
 31939 | D:15     | Noticed Louise
 32173 | D:15     | Killed Louise
 32404 | D:15     | Found Puwostru's Antique Armour Shoppe.
 32412 | D:15     | Bought a bloodstained leather armour for 224 gold pieces
 32412 | D:15     | Identified the +3 leather armour "Daiphorr" {Str+4} (You
                  | bought it in a shop on level 15 of the Dungeon)
 32832 | D:15     | Reached skill level 10 in Spellcasting
 33233 | D:15     | Noticed a frost giant
 33248 | D:15     | Killed a frost giant
 33324 | D:15     | Found a staircase to the Depths.
 33697 | Spider:1 | Entered Level 1 of the Spider Nest
 33735 | Lair:6   | Entered Level 6 of the Lair of Beasts
 34150 | Lair:6   | Found a frozen archway.
 34241 | IceCv    | Entered an ice cave
 34318 | IceCv    | Reached XP level 16. HP: 86/95 MP: 16/31
 34847 | IceCv    | Reached skill level 10 in Necromancy
 35801 | Lair:6   | Identified a scroll of acquirement
 35801 | Lair:6   | Acquired the cursed +0 cloak of Midwinter {Rampage Int+8}
 35887 | Lair:6   | Found a viscous altar of Jiyva.
 35889 | Lair:6   | Found a staircase to the Slime Pits.
 36072 | Lair:6   | Paralysed by a hornet for 2 turns
 36101 | Lair:6   | Learned a level 7 spell: Orb of Destruction
 36737 | Lair:6   | Learned a level 6 spell: Iron Shot
 37609 | Swamp:1  | Entered Level 1 of the Swamp
 37810 | Swamp:1  | Identified the cursed +1 robe of Ytic Sui {rF+ Str+3}
 38070 | Swamp:1  | Reached skill level 1 in Earth Magic
 39772 | D:4      | Bought a condenser vane (2/2) for 200 gold pieces
 39772 | D:4      | Bought a wand of acid (9) for 260 gold pieces
 40201 | Swamp:2  | Noticed Roxanne
 40212 | Swamp:2  | Killed Roxanne
 40214 | Swamp:2  | Reached skill level 16 in Conjurations
 40227 | Swamp:2  | Reached skill level 1 in Evocations
 41735 | Swamp:3  | Reached XP level 17. HP: 98/100 MP: 25/33
 41775 | Swamp:3  | Learned a level 2 spell: Swiftness
 44502 | Spider:1 | Acquired the Grimoire of the World
 45297 | Elf:1    | Entered Level 1 of the Elven Halls
 45508 | Elf:1    | Identified Sif Muna's Guide on Glacial Hexes
 45535 | Elf:1    | Noticed Aizul
 45861 | Elf:1    | Killed Aizul
 45861 | Elf:1    | Reached skill level 10 in Fighting
 46882 | Elf:1    | Identified the cursed +0 robe of the Blue Moon {Rampage
                  | Regen+ Str+3 Int-3}
 47217 | Elf:1    | Learned a level 6 spell: Freezing Cloud
 47527 | Elf:1    | Identified Kikubaaqudgha's Papyrus of Darkness
 47534 | Elf:1    | Learned a level 3 spell: Vampiric Draining
 48670 | Elf:2    | Reached XP level 18. HP: 108/108 MP: 20/35
 49210 | Elf:2    | Found a runed translucent gate.
 49211 | Elf:2    | Found a runed translucent gate.
 49213 | Elf:2    | Found a runed translucent gate.
 49652 | Elf:3    | Entered Level 3 of the Elven Halls
 50269 | Elf:3    | Reached skill level 10 in Maces & Flails
 50269 | Elf:3    | Reached skill level 17 in Conjurations
 50845 | Elf:3    | Noticed a deep elf blademaster
 50847 | Elf:3    | Noticed a deep elf blademaster
 50862 | Elf:2    | Killed a deep elf blademaster
 51005 | Elf:2    | Killed a deep elf blademaster
 51391 | Elf:3    | Cast into level 2 of the Abyss (a deep elf sorcerer)
 51596 | Abyss:2  | Found a corrupted altar of Lugonu.
 51620 | Abyss:2  | Noticed a bone dragon
 51655 | Abyss:2  | Mangled by a bone dragon

Illustrated notes

Levels and vault maps discovered:
D:1:      dpeg_arrival_round_c, layout_basic, kennysheep_flooded_box
D:2:      layout_rooms, nicolae_ru_path_of_blood
D:3:      layout_rooms
D:4:      layout_gridville, bloody_makhleb, serial_shops, shop, uniq_sigmund
D:5:      layout_basic, grunt_qazlal_clouds, serial_rivers,
          chequers_serial_rivers_micro_c, chequers_serial_rivers_micro_e,
          chequers_serial_rivers_micro_a, chequers_serial_rivers_large_a,
          chequers_serial_rivers_marsh, chequers_serial_rivers_micro_e,
          minmay_door_square
D:6:      minmay_chambers_of_threes, layout_basic, lemuel_doored_altar,
          kennysheep_mini, minmay_temple_entry_trees, uniq_eustachio
D:7:      layout_basic, nicolae_island_escapes
D:8:      layout_basic, tgw_xom
D:9:      layout_basic, orc_0_dummy, lemuel_centaur_altar
D:10:     layout_loops_cross
D:11:     layout_roguey, minmay_lair_entry_grove, basic_altar, fedhas_altar_2,
          uniq_erica
D:12:     layout_rooms, serial_shops, shop, minmay_circle_x
D:13:     layout_cave_pods, basic_altar, uniq_erolcha
D:14:     layout_roguey, skrybe_vaults_entry_preservation
D:15:     grunt_enter_depths_snipers, layout_gridville, basic_altar,
          abandoned_shop, serial_shops, shop, grunt_decor_cap, uniq_louise
Lair:1:   layout_cave_pods, minmay_hedge_maze, minivault_25, st_stairs_6,
          grunt_megastairs_1
Lair:2:   statuecave_lemuel, layout_regular_city, infiniplex_staircase_pool_2,
          grunt_megastairs_2
Lair:3:   layout_chaotic_city, minmay_swamp_entry_worms
Lair:4:   cheibrodos_lair_overgrown_chateau, layout_gridlike,
          nicolae_spider_entry_non_spiders, enter_volcano_3, fungi_pond_lemuel,
          eino_house_with_fridge
Lair:5:   layout_regular_city
Lair:6:   minmay_lair_end_enchanted_forest, layout_gridlike, slime_altar_1,
          portal_ice_cave_entry_ice_beasts
Swamp:1:  layout_falls_marsh, evilmike_swamp_ruin_house_3
Swamp:2:  layout_basic_swamp, evilmike_swamp_ruin_house_5, uniq_roxanne
Swamp:3:  layout_falls_marsh, evilmike_swamp_ruin_rubble_2
Spider:1: layout_spider_delve
Spider:2: layout_spider_delve, drop_trap, nicolae_orb_stairs
Orc:1:    layout_caves, serial_shops, shop
Orc:2:    st_orc_mages, layout_caves, serial_shops, shop, uniq_josephine
Elf:1:    cheibrodos_wizards_tower, layout_loops_cross, minmay_elf_necromancy,
          uniq_aizul
Elf:2:    layout_onion_city
Elf:3:    minmay_elf_hall_circle, layout_rooms, grunt_ministairs_14
Abyss:2:  base:
D:7

Skill      XL: |  1  2  3  4  5  6  7  8  9 10 11 12 13 14 15 16 17 18 |
---------------+-------------------------------------------------------+-----
Conjurations   | 6 7 8 9 10 11 12 13 14 15 16 17 | 17.3
Hexes          | 1 2 3 4 5 6 |  6.0
Spellcasting   | 3 4 5 6 7 8 9 10 11 12 13 | 13.1
Translocations | 3 4 |  4.9
Fighting       | 1 3 5 6 7 8 9 10 11 | 11.3
Dodging        | 3 5 6 7 8 9 10 11 | 11.8
Stealth        | 4 6 7 8 9 |  9.9
Maces & Flails | 1 4 5 7 8 9 10 | 10.2
Summonings     | 3 6 8 9 10 | 10.1
Air Magic      | 4 |  4.3
Shields        | 1 2 |  2.0
Necromancy     | 9 11 12 | 12.6
Earth Magic    | 1 |  1.7
Evocations     | 2 4 |  4.3

Action                   |  1- 3 |  4- 6 |  7- 9 | 10-12 | 13-15 | 16-18 || total
-------------------------+-------+-------+-------+-------+-------+-------++-------
Melee: Whip              |     2 |       |    33 |   148 |   515 |   582 ||  1280
       Quarterstaff      |       |     6 |       |       |       |       ||     6
       Kick              |       |       |     7 |    41 |   119 |   118 ||   285
       Peck              |       |       |     2 |    23 |    68 |    75 ||   168
 Cast: Magic Dart        |    52 |    37 |    59 |    76 |   116 |    16 ||   356
       Searing Ray       |     6 |     7 |    37 |    51 |    58 |     7 ||   166
       Dazzling Flash    |       |     1 |     2 |       |       |     1 ||     4
       Fulminant Prism   |       |       |    18 |    68 |   122 |    51 ||   259
       Iskenderun's Myst |       |       |     1 |    48 |    93 |    82 ||   224
       Gell's Gravitas   |       |       |       |     3 |     3 |       ||     6
       Summon Lightning  |       |       |       |       |    54 |     5 ||    59
       Conjure Ball Ligh |       |       |       |       |    12 |     2 ||    14
       Animate Skeleton  |       |       |       |       |     5 |    16 ||    21
       Call Imp          |       |       |       |       |     1 |     1 ||     2
       Orb of Destructio |       |       |       |       |       |   153 ||   153
       Iron Shot         |       |       |       |       |       |    30 ||    30
       Apportation       |       |       |       |       |       |     3 ||     3
       Freezing Cloud    |       |       |       |       |       |     3 ||     3
       Swiftness         |       |       |       |       |       |     1 ||     1
Invok: Curse Item        |       |     1 |       |     3 |     1 |     5 ||    10
       Scrying           |       |       |       |       |       |     3 ||     3
 Abil: Fly               |       |     1 |       |       |       |       ||     1
       Stop Flying       |       |       |       |       |       |     1 ||     1
Evoke: Wand              |       |     1 |       |       |     3 |     1 ||     5
       Box of beasts     |       |       |       |     1 |       |       ||     1
  Use: Scroll            |       |    12 |     6 |     5 |    10 |    12 ||    45
       Potion            |       |       |       |     2 |       |     5 ||     7
 Stab: Invisible         |       |       |     1 |       |       |       ||     1
       Sleeping          |       |       |       |     3 |     5 |    13 ||    21
       Distracted        |       |       |       |     1 |     4 |     1 ||     6
Armor: Robe              |       |     1 |    15 |    30 |    34 |    65 ||   145
Dodge: Dodged            |     3 |    10 |    42 |   127 |   271 |   345 ||   798
Block: Other             |       |       |       |    31 |       |       ||    31
       Reflection        |       |       |       |     2 |    39 |    11 ||    52
       Buckler           |       |       |       |     6 |   263 |   286 ||   555

Table legend: (Time is in decaauts)
 A = Elapsed time spent in this place.
 B = Non-inter-level travel time spent in this place.
 C = Inter-level travel time spent in this place.
 D = Time resting spent in this place.
 E = Time spent auto-exploring this place.
 F = Levels seen in this place.
 G = Mean time per level.
                   A        B        C        D        E       F      G
               +--------+--------+--------+--------+--------+-----+--------+
         Total |  49260 |  46240 |   3020 |  24458 |  13622 |  34 | 1448.8 |
       Dungeon |  21235 |  19820 |   1415 |   9620 |   6705 |  15 | 1415.7 |
          Lair |  10771 |   9631 |   1140 |   4693 |   3324 |   6 | 1795.2 |
         Swamp |   4570 |   4349 |    221 |   2413 |   1424 |   3 | 1523.3 |
   Spider Nest |   1416 |   1374 |     42 |    848 |    256 |   2 |  708.0 |
  Orcish Mines |   4339 |   4219 |    120 |   2769 |    689 |   2 | 2169.5 |
   Elven Halls |   5081 |   5001 |     80 |   3190 |    919 |   3 | 1693.7 |
         Abyss |    251 |    251 |      0 |    171 |      0 |   1 |  251.0 |
      Ice Cave |   1255 |   1255 |      0 |    627 |    248 |   1 | 1255.0 |
       Volcano |    338 |    338 |      0 |    125 |     53 |   1 |  338.0 |
               +--------+--------+--------+--------+--------+-----+--------+

Top non-repeatable levels by time:
   Orc:2: 2982 daAuts
  Lair:4: 2680 daAuts
    D:11: 2438 daAuts
    D:14: 2278 daAuts
    D:15: 2063 daAuts
 Swamp:1: 1911 daAuts
   Elf:2: 1893 daAuts
   Elf:1: 1844 daAuts
  Lair:6: 1837 daAuts
  Lair:3: 1718 daAuts
  Lair:1: 1636 daAuts
     D:7: 1584 daAuts
  Lair:5: 1475 daAuts
    D:13: 1457 daAuts
    D:10: 1437 daAuts
